AoeStats
← La Cobra

Fortress

509184368Analyzed
2v2 RM · 6d ago on Sep 25, 2026· 41m 7s· 4 players
Game mode
Random Map
Map size
Normal (6 player)
Population
200
Speed
Normal
Resources
Standard
Victory
Conquest
Starting age
Dark Age
Ending age
Imperial Age
RankedLock teamsTeams togetherTeam positionsShared explorationLock speedFull tech treeHidden civsTurbo modeCheats
Victory
Defeat
🇨🇱 Goths · Chile
1126
+16
🇫🇷 Japanese · France
1076
+17
🇸🇪 Khmer · Sweden
1149
-18
🇮🇳 Shu · India
1079
-15
QuitTouchingMe
7:56 Feudal Age
11:22 Castle Age
9:35 Double-Bit Axe
9:38 Horse Collar
10:14 Gold Mining
13:10 Fletching
17:26 Loom
19:30 Bow Saw
19:53 Town Watch
20:54 Wheelbarrow
20:55 Stone Mining
21:15 Padded Archer Armor
22:58 Bodkin Arrow
25:46 Leather Archer Armor
29:50 Imperial Age
28:33 Fervor
29:04 Ballistics
29:23 Stone Mining
31:19 Gold Shaft Mining
31:21 Stone Shaft Mining
31:22 Masonry
32:05 Double Crossbow
32:38 Ring Archer Armor
P A T S H A
7:54 Feudal Age
8:48 Double-Bit Axe
12:15 Castle Age
13:33 Wheelbarrow
12:44 Loom
12:47 Town Watch
13:14 Bow Saw
13:50 Gambesons
14:07 Squires
13:53 Arson
16:39 Gambesons
20:23 Man-at-Arms
21:46 Forging
21:36 Scale Mail Armor
21:17 Crossbowman
22:02 Thumb Ring
22:11 Long Swordsman
29:39 Imperial Age
27:52 Coiled Serpent Array
28:34 Ballistics
28:40 Squires
28:26 Arson
30:00 Fletching
30:11 Padded Archer Armor
31:39 Conscription
31:25 Capped Ram
38:24 Siege Ram
Blast
0:48 Loom
8:07 Feudal Age
8:53 Double-Bit Axe
13:05 Castle Age
11:08 Horse Collar
11:23 Gold Mining
12:46 Wheelbarrow
14:17 Bow Saw
16:03 Hand Cart
20:02 Stone Mining
21:00 Squires
24:40 Forging
24:31 Scale Mail Armor
25:26 Heavy Plow
29:48 Imperial Age
27:44 Fletching
27:55 Padded Archer Armor
28:07 Elite Skirmisher
29:37 Gold Shaft Mining
30:50 Iron Casting
30:11 Bodkin Arrow
30:34 Thumb Ring
32:11 Leather Archer Armor
32:35 Ballistics
33:16 Chemistry
33:26 Conscription
33:51 Bracer
35:59 Ring Archer Armor
36:31 Blast Furnace
36:28 Kataparuto
37:53 Onager
40:08 Two-Man Saw
La Cobra
5:10 Loom
7:03 Feudal Age
12:55 Castle Age
10:56 Gold Mining
10:54 Double-Bit Axe
10:52 Horse Collar
11:41 Scale Mail Armor
15:07 Forging
16:35 Fervor
17:24 Wheelbarrow
19:09 Heavy Plow
19:53 Chain Mail Armor
21:36 Iron Casting
22:17 Bow Saw
26:27 Imperial Age
26:26 Anarchy
26:50 Hand Cart
27:13 Squires
26:46 Capped Ram
27:51 Conscription
29:06 Blast Furnace
32:07 Pikeman
35:10 Elite Huskarl
39:13 Two-Man Saw
Connection lost

Rejoining the realm…

Still unreachable

The connection could not be restored.

Session expired

The server has moved on; the page needs a fresh start.